[ AOE2 MATCH · #462325367 ]
UnrankedPersians vs Britons
[ REPLAY ANALYSIS · EXTRACTED FROM THE RECORDED GAME ]
Feudal
10:05
Castle
18:53
Imperial
31:07
| APM avg | 20.1 |
| APM peak | 58 |
| eAPM avg | 13.5 |
| Villagers / military | 134 / 226 |
Focus
⚔️ 48.5% · 🌾 51.5%
Skirmisher ×65 · Knight ×63 · Archer ×34 · War Elephant ×27 · Trebuchet (Packed) ×13 · Scout Cavalry ×11
Feudal
9:49
Castle
16:32
Imperial
31:26
| APM avg | 10.7 |
| APM peak | 27 |
| eAPM avg | 9.3 |
| Villagers / military | 116 / 158 |
Focus
⚔️ 47.3% · 🌾 52.7%
Unknown (2550) ×546 · Kamayuk ×144 · Battering Ram ×14
Feudal
—
Castle
—
Imperial
—
| APM avg | 18.8 |
| APM peak | 40 |
| eAPM avg | 10.9 |
| Villagers / military | 128 / 216 |
Focus
⚔️ 39.9% · 🌾 60.1%
Militia ×75 · Longbowman ×73 · Spearman ×64 · Trebuchet (Packed) ×3 · Monk ×1
Feudal
12:37
Castle
17:11
Imperial
41:35
| APM avg | 19.9 |
| APM peak | 48 |
| eAPM avg | 10.5 |
| Villagers / military | 130 / 386 |
Focus
⚔️ 34.2% · 🌾 65.8%
Spearman ×231 · Knight ×150 · Monk ×5
Feudal
13:45
Castle
17:27
Imperial
21:53
| APM avg | 26.1 |
| APM peak | 45 |
| eAPM avg | 13.6 |
| Villagers / military | 106 / 213 |
Focus
⚔️ 24.8% · 🌾 75.2%
Janissary ×150 · Hand Cannoneer ×40 · Bombard Cannon ×22 · Monk ×1
Feudal
11:12
Castle
14:47
Imperial
47:46
| APM avg | 22.6 |
| APM peak | 66 |
| eAPM avg | 14.4 |
| Villagers / military | 208 / 260 |
Focus
⚔️ 24.5% · 🌾 75.5%
Militia ×206 · Spearman ×37 · Monk ×8 · Mangonel ×6 · Konnik ×2 · Battering Ram ×1
Feudal
12:52
Castle
19:20
Imperial
46:14
| APM avg | 21.6 |
| APM peak | 52 |
| eAPM avg | 13.4 |
| Villagers / military | 256 / 126 |
Focus
⚔️ 35.9% · 🌾 64.1%
Spearman ×57 · Trebuchet (Packed) ×35 · Teutonic Knight ×28 · Trade Cart ×17 · Mangonel ×6
Feudal
12:01
Castle
19:21
Imperial
43:33
| APM avg | 17.6 |
| APM peak | 66 |
| eAPM avg | 11.9 |
| Villagers / military | 82 / 1 |
Focus
⚔️ 23.6% · 🌾 76.4%
Unknown (1944) ×180 · Unknown (1949) ×56 · Trade Cart ×2 · Monk ×1 · Unknown (1954) ×1
Match map
Initial resources + every placement click. Lines = walls · curves = elevation contours. ◆ gold · ⬟ stone · ● berries · ✦ relic · ◌ wall gap
Inputs per minute
— Embaraza Viejitas - - GreenHydra
Build order — Embaraza Viejitas
First 150 of 544 actions detected
| 0:05 | Research | Loom |
| 0:05 | Create | Villager (Male) |
| 0:06 | Create | Villager (Male) |
| 0:06 | Create | Villager (Male) |
| 0:06 | Create | Villager (Male) |
| 0:07 | Create | Villager (Male) |
| 0:07 | Create | Villager (Male) |
| 0:16 | Build | House |
| 0:23 | Build | House |
| 1:21 | Build | Mill |
| 2:26 | Create | Villager (Male) |
| 2:49 | Create | Villager (Male) |
| 3:09 | Create | Villager (Male) |
| 3:13 | Create | Villager (Male) |
| 3:23 | Build | House |
| 3:37 | Create | Villager (Male) |
| 3:46 | Build | House |
| 3:51 | Create | Villager (Male) |
| 3:58 | Create | Villager (Male) |
| 4:11 | Build | House |
| 4:34 | Build | House |
| 5:03 | Create | Villager (Male) |
| 5:04 | Create | Villager (Male) |
| 5:04 | Create | Villager (Male) |
| 5:29 | Create | Villager (Male) |
| 5:40 | Create | Villager (Male) |
| 5:41 | Create | Villager (Male) |
| 6:01 | Build | Lumber Camp |
| 6:21 | Create | Villager (Male) |
| 7:59 | Research | Feudal Age |
| 8:18 | Build | Mill |
| 8:41 | Build | Mining Camp |
| 9:08 | Create | Villager (Male) |
| 9:09 | Create | Villager (Male) |
| 9:09 | Create | Villager (Male) |
| 9:09 | Create | Villager (Male) |
| 9:09 | Create | Villager (Male) |
| 9:38 | Build | Mining Camp |
| 10:05 | Age | Feudal Age |
| 10:15 | Create | Villager (Male) |
| 10:17 | Create | Villager (Male) |
| 10:17 | Create | Villager (Male) |
| 10:39 | Create | Villager (Male) |
| 10:49 | Create | Villager (Male) |
| 10:50 | Create | Villager (Male) |
| 10:50 | Create | Villager (Male) |
| 11:14 | Create | Villager (Male) |
| 12:00 | Build | House |
| 12:04 | Build | House |
| 12:06 | Build | House |
| 12:15 | Build | Market |
| 12:46 | Build | Blacksmith |
| 13:11 | Build | Mill |
| 14:25 | Build | Farm |
| 14:47 | Build | Farm |
| 14:52 | Create | Villager (Male) |
| 15:06 | Build | Farm |
| 15:11 | Create | Villager (Male) |
| 15:29 | Build | Farm |
| 16:10 | Build | Farm |
| 16:28 | Research | Castle Age |
| 16:51 | Research | Horse Collar |
| 16:56 | Research | Double-Bit Axe |
| 17:14 | Research | Stone Mining |
| 17:40 | Research | Gold Mining |
| 18:19 | Build | Farm |
| 18:20 | Build | Farm |
| 18:22 | Build | Farm |
| 18:35 | Create | Villager (Male) |
| 18:36 | Create | Villager (Male) |
| 18:36 | Create | Villager (Male) |
| 18:37 | Create | Villager (Male) |
| 18:37 | Create | Villager (Male) |
| 18:53 | Age | Castle Age |
| 19:01 | Create | Villager (Male) |
| 19:09 | Create | Villager (Male) |
| 19:12 | Create | Villager (Male) |
| 19:31 | Build | Farm |
| 19:32 | Build | Farm |
| 19:32 | Build | Farm |
| 19:33 | Build | Farm |
| 19:36 | Build | Farm |
| 19:38 | Build | Farm |
| 19:39 | Build | Farm |
| 19:41 | Build | Farm |
| 19:44 | Build | Farm |
| 19:45 | Build | Farm |
| 19:46 | Build | Farm |
| 19:56 | Create | Villager (Male) |
| 19:59 | Create | Villager (Male) |
| 20:27 | Research | Wheelbarrow |
| 20:39 | Build | Town Center |
| 20:46 | Build | Town Center |
| 22:36 | Create | Villager (Male) |
| 22:36 | Create | Villager (Male) |
| 22:36 | Create | Villager (Male) |
| 22:37 | Create | Villager (Male) |
| 22:37 | Create | Villager (Male) |
| 22:38 | Create | Villager (Male) |
| 22:38 | Create | Villager (Male) |
| 22:39 | Create | Villager (Male) |
| 22:39 | Create | Villager (Male) |
| 22:40 | Create | Villager (Male) |
| 22:44 | Create | Villager (Male) |
| 22:44 | Create | Villager (Male) |
| 22:49 | Create | Villager (Male) |
| 23:36 | Build | Castle |
| 23:43 | Build | Siege Workshop |
| 23:48 | Build | Barracks |
| 24:00 | Build | Mining Camp |
| 24:09 | Create | Villager (Male) |
| 24:09 | Create | Villager (Male) |
| 24:10 | Create | Villager (Male) |
| 24:10 | Create | Villager (Male) |
| 24:11 | Create | Villager (Male) |
| 24:12 | Create | Villager (Male) |
| 24:15 | Create | Villager (Male) |
| 24:16 | Create | Villager (Male) |
| 24:18 | Create | Villager (Male) |
| 24:30 | Build | House |
| 24:37 | Build | House |
| 24:38 | Build | House |
| 24:40 | Build | House |
| 24:41 | Build | House |
| 24:43 | Build | House |
| 24:44 | Build | House |
| 24:46 | Build | House |
| 24:48 | Build | House |
| 24:52 | Build | University |
| 24:58 | Build | Monastery |
| 25:29 | Create | Battering Ram |
| 25:29 | Create | Battering Ram |
| 25:31 | Create | Scorpion |
| 25:31 | Create | Scorpion |
| 25:32 | Create | Scorpion |
| 26:25 | Create | Mangonel |
| 26:59 | Build | Castle |
| 27:06 | Build | Mining Camp |
| 27:10 | Create | Villager (Male) |
| 27:11 | Create | Villager (Male) |
| 27:12 | Create | Villager (Male) |
| 27:37 | Build | Stable |
| 27:38 | Build | Stable |
| 27:39 | Build | Stable |
| 27:43 | Build | Archery Range |
| 27:44 | Build | Archery Range |
| 27:50 | Create | Villager (Male) |
| 27:51 | Create | Villager (Male) |
| 27:51 | Create | Villager (Male) |
| 28:22 | Research | Imperial Age |
Build order — GreenHydra
First 150 of 348 actions detected
| 0:02 | Create | Villager (Male) ×4 |
| 0:23 | Build | Settlement |
| 1:44 | Create | Villager (Male) |
| 2:11 | Create | Villager (Male) |
| 2:11 | Create | Villager (Male) |
| 2:52 | Create | Villager (Male) |
| 3:09 | Create | Villager (Male) |
| 3:10 | Create | Villager (Male) |
| 3:49 | Create | Villager (Male) |
| 3:50 | Create | Villager (Male) |
| 3:50 | Create | Villager (Male) |
| 3:50 | Create | Villager (Male) |
| 4:10 | Build | Settlement |
| 4:35 | Create | Villager (Male) |
| 5:06 | Create | Villager (Male) |
| 5:06 | Create | Villager (Male) |
| 5:06 | Create | Villager (Male) |
| 5:07 | Create | Villager (Male) |
| 5:07 | Create | Villager (Male) |
| 6:22 | Create | Villager (Male) |
| 6:22 | Create | Villager (Male) |
| 7:14 | Create | Villager (Male) |
| 7:27 | Research | Feudal Age |
| 8:15 | Build | Settlement |
| 9:11 | Create | Villager (Male) ×5 |
| 9:49 | Age | Feudal Age |
| 10:12 | Build | Barracks |
| 10:47 | Build | House |
| 10:49 | Build | House |
| 11:42 | Create | Villager (Male) |
| 11:42 | Create | Villager (Male) |
| 11:57 | Build | Blacksmith |
| 12:27 | Create | Villager (Male) |
| 12:44 | Build | Market |
| 12:48 | Build | House |
| 12:50 | Build | House |
| 12:54 | Create | Villager (Male) |
| 13:21 | Create | Villager (Male) |
| 13:38 | Build | Settlement |
| 13:52 | Research | Castle Age |
| 13:52 | Research | Castle Age |
| 13:56 | Research | Loom |
| 14:14 | Build | Farm |
| 14:27 | Build | Farm |
| 14:31 | Build | Farm |
| 14:41 | Research | Scale Mail Armor |
| 15:09 | Build | Farm |
| 15:33 | Research | Tech 1402 |
| 15:39 | Build | Farm |
| 15:47 | Build | Farm |
| 16:02 | Build | Farm |
| 16:29 | Build | Farm |
| 16:32 | Build | Farm |
| 16:32 | Age | Castle Age |
| 16:38 | Create | Villager (Male) ×2 |
| 16:48 | Create | Unit 2550 |
| 16:48 | Create | Unit 2550 |
| 17:19 | Create | Unit 2550 |
| 17:38 | Create | Villager (Male) |
| 17:41 | Create | Unit 2550 |
| 18:09 | Build | Castle |
| 18:15 | Build | Town Center |
| 18:19 | Create | Villager (Male) ×3 |
| 18:40 | Build | Farm |
| 18:42 | Build | Farm |
| 18:46 | Build | Farm |
| 18:55 | Research | Arson |
| 19:09 | Create | Unit 2550 |
| 19:27 | Build | Outpost |
| 19:35 | Build | Outpost |
| 19:45 | Research | Wheelbarrow |
| 20:01 | Create | Villager (Male) |
| 20:19 | Create | Unit 2550 |
| 20:30 | Research | Horse Collar |
| 20:38 | Create | Villager (Male) |
| 21:03 | Create | Villager (Male) |
| 21:08 | Build | Farm |
| 21:13 | Create | Villager (Male) |
| 21:25 | Create | Villager (Male) ×2 |
| 21:29 | Build | Farm |
| 21:36 | Build | Farm |
| 21:45 | Create | Villager (Male) |
| 21:53 | Build | Barracks |
| 21:57 | Build | Barracks |
| 22:01 | Create | Villager (Male) ×2 |
| 22:07 | Build | Farm |
| 22:14 | Build | Farm |
| 22:17 | Build | Farm |
| 22:24 | Build | Farm |
| 22:29 | Build | Farm |
| 22:33 | Create | Villager (Male) ×3 |
| 22:36 | Build | Farm |
| 22:46 | Research | Double-Bit Axe |
| 23:09 | Build | Farm |
| 23:14 | Create | Villager (Male) ×3 |
| 23:29 | Research | Squires |
| 23:35 | Build | Farm |
| 23:38 | Build | Farm |
| 23:49 | Create | Villager (Male) ×4 |
| 24:01 | Build | Farm |
| 24:07 | Build | Farm |
| 24:11 | Build | Farm |
| 24:16 | Build | Farm |
| 24:29 | Create | Villager (Male) ×5 |
| 24:38 | Research | Tech 1351 |
| 24:49 | Research | Heavy Plow |
| 25:16 | Create | Villager (Male) ×5 |
| 25:42 | Create | Unit 2550 ×5 |
| 26:00 | Research | Bow Saw |
| 26:06 | Research | Gold Mining |
| 26:34 | Create | Villager (Male) ×5 |
| 26:40 | Research | Gold Shaft Mining |
| 27:26 | Build | Town Center |
| 27:37 | Build | Farm |
| 27:42 | Build | Farm |
| 27:45 | Build | Farm |
| 28:16 | Research | Imperial Age |
| 28:27 | Build | Stone Wall |
| 28:29 | Build | Stone Wall |
| 28:49 | Create | Unit 2550 ×5 |
| 29:13 | Research | Chain Mail Armor |
| 29:32 | Research | Forging |
| 29:56 | Build | Siege Workshop |
| 30:15 | Create | Villager (Male) ×5 |
| 31:10 | Build | Barracks |
| 31:14 | Build | Barracks |
| 31:15 | Build | Barracks |
| 31:26 | Age | Imperial Age |
| 31:40 | Research | Plate Mail Armor |
| 31:42 | Research | Iron Casting |
| 31:48 | Research | Crop Rotation |
| 31:52 | Research | Tech 1352 |
| 32:03 | Research | Hand Cart |
| 32:10 | Create | Villager (Male) ×2 |
| 32:13 | Create | Battering Ram |
| 32:13 | Create | Battering Ram |
| 32:14 | Create | Battering Ram |
| 32:14 | Create | Battering Ram |
| 32:32 | Build | Siege Workshop |
| 32:52 | Build | University |
| 33:04 | Research | Capped Ram (upgrade) |
| 33:26 | Create | Unit 2550 ×5 |
| 33:26 | Create | Unit 2550 ×5 |
| 33:27 | Create | Unit 2550 ×5 |
| 33:27 | Create | Unit 2550 ×5 |
| 33:27 | Create | Unit 2550 ×4 |
| 33:55 | Build | Building 490 |
| 34:00 | Build | Stone Wall |
| 34:06 | Research | Fortified Wall (upgrade) |
| 34:21 | Create | Unit 2550 ×5 |
Build order — apofis222
First 150 of 445 actions detected
| 0:03 | Create | Villager (Male) |
| 0:03 | Create | Villager (Male) |
| 0:03 | Create | Villager (Male) |
| 0:04 | Create | Villager (Male) |
| 0:06 | Build | House |
| 0:08 | Build | House |
| 1:48 | Create | Villager (Male) |
| 1:49 | Create | Villager (Male) |
| 1:49 | Create | Villager (Male) |
| 2:01 | Create | Villager (Male) |
| 2:14 | Create | Villager (Male) |
| 2:15 | Create | Villager (Male) |
| 2:24 | Build | Lumber Camp |
| 2:42 | Create | Villager (Male) |
| 3:11 | Build | House |
| 3:13 | Build | House |
| 3:17 | Create | Villager (Male) |
| 3:18 | Create | Villager (Male) |
| 3:41 | Create | Villager (Male) |
| 3:41 | Create | Villager (Male) |
| 3:51 | Build | House |
| 3:56 | Create | Villager (Male) |
| 3:56 | Create | Villager (Male) |
| 4:22 | Create | Villager (Male) |
| 4:22 | Create | Villager (Male) |
| 4:56 | Create | Villager (Male) |
| 4:56 | Create | Villager (Male) |
| 4:56 | Create | Villager (Male) |
| 5:24 | Create | Villager (Male) |
| 5:24 | Create | Villager (Male) |
| 5:54 | Create | Villager (Male) |
| 5:54 | Create | Villager (Male) |
| 6:11 | Create | Villager (Male) |
| 6:11 | Create | Villager (Male) |
| 6:12 | Create | Villager (Male) |
| 6:40 | Create | Villager (Male) |
| 6:40 | Create | Villager (Male) |
| 6:55 | Build | Mill |
| 7:26 | Create | Villager (Male) |
| 7:26 | Create | Villager (Male) |
| 7:59 | Create | Villager (Male) |
| 7:59 | Create | Villager (Male) |
| 8:16 | Create | Villager (Male) |
| 8:16 | Create | Villager (Male) |
| 9:19 | Create | Villager (Male) |
| 9:29 | Build | Mining Camp |
| 9:35 | Research | Feudal Age |
| 9:46 | Build | Farm |
| 9:47 | Build | Farm |
| 9:53 | Create | Villager (Male) |
| 9:53 | Create | Villager (Male) |
| 9:55 | Research | Loom |
| 9:58 | Build | Farm |
| 10:13 | Build | Farm |
| 10:48 | Build | Farm |
| 10:49 | Build | Farm |
| 11:32 | Build | Farm |
| 11:57 | Build | Farm |
| 12:14 | Build | Blacksmith |
| 12:24 | Build | Market |
| 12:30 | Research | Double-Bit Axe |
| 12:39 | Research | Horse Collar |
| 12:55 | Create | Villager (Male) |
| 12:56 | Create | Villager (Male) |
| 13:07 | Create | Villager (Male) |
| 13:08 | Create | Villager (Male) |
| 13:22 | Create | Villager (Male) |
| 13:23 | Create | Villager (Male) |
| 13:48 | Research | Castle Age |
| 13:56 | Build | Mining Camp |
| 14:18 | Create | Villager (Male) |
| 14:19 | Create | Villager (Male) |
| 14:44 | Research | Stone Mining |
| 15:51 | Research | Wheelbarrow |
| 16:22 | Build | Farm |
| 16:26 | Build | Farm |
| 16:34 | Build | House |
| 16:40 | Build | Town Center |
| 16:49 | Build | House |
| 17:20 | Research | Bow Saw |
| 17:26 | Research | Heavy Plow |
| 17:37 | Build | Lumber Camp |
| 17:51 | Build | Farm |
| 17:52 | Build | Farm |
| 17:54 | Build | Farm |
| 18:11 | Create | Villager (Male) |
| 18:11 | Create | Villager (Male) |
| 18:12 | Create | Villager (Male) |
| 18:12 | Create | Villager (Male) |
| 18:13 | Create | Villager (Male) |
| 18:13 | Create | Villager (Male) |
| 18:14 | Create | Villager (Male) |
| 18:14 | Create | Villager (Male) |
| 18:58 | Build | Barracks |
| 19:11 | Build | Castle |
| 19:17 | Create | Villager (Male) |
| 19:17 | Create | Villager (Male) |
| 19:28 | Create | Villager (Male) |
| 19:28 | Create | Villager (Male) |
| 19:30 | Create | Villager (Male) |
| 19:38 | Research | Fletching |
| 19:53 | Build | House |
| 19:55 | Build | House |
| 19:57 | Build | House |
| 19:58 | Build | House |
| 20:01 | Build | House |
| 20:02 | Build | House |
| 20:08 | Research | Man-at-Arms (upgrade) |
| 20:10 | Create | Militia |
| 20:10 | Create | Militia |
| 20:10 | Create | Militia |
| 20:11 | Create | Militia |
| 20:23 | Create | Villager (Male) |
| 20:23 | Create | Villager (Male) |
| 20:31 | Build | Farm |
| 20:38 | Build | Farm |
| 20:44 | Build | Farm |
| 21:09 | Create | Longbowman |
| 21:09 | Create | Longbowman |
| 21:09 | Create | Longbowman |
| 21:10 | Create | Longbowman |
| 21:19 | Create | Villager (Male) |
| 21:19 | Create | Villager (Male) |
| 21:48 | Create | Militia |
| 21:54 | Create | Villager (Male) |
| 21:55 | Create | Villager (Male) |
| 21:55 | Create | Villager (Male) |
| 21:55 | Create | Villager (Male) |
| 22:00 | Build | Farm |
| 22:11 | Create | Villager (Male) |
| 22:11 | Create | Villager (Male) |
| 22:23 | Build | Town Center |
| 22:27 | Create | Villager (Male) |
| 22:28 | Create | Villager (Male) |
| 22:31 | Create | Longbowman |
| 22:32 | Create | Longbowman |
| 22:32 | Create | Longbowman |
| 22:32 | Create | Longbowman |
| 22:39 | Research | Long Swordsman (upgrade) |
| 22:48 | Create | Villager (Male) |
| 22:48 | Create | Villager (Male) |
| 22:56 | Build | University |
| 23:10 | Create | Villager (Male) |
| 23:11 | Create | Villager (Male) |
| 23:17 | Build | Farm |
| 23:18 | Build | Farm |
| 23:20 | Build | Farm |
| 23:24 | Build | Farm |
| 23:27 | Create | Villager (Male) |
| 23:27 | Create | Villager (Male) |
Build order — MIGEL TECHEIROS
First 150 of 415 actions detected
| 0:02 | Create | Villager (Male) |
| 0:02 | Create | Villager (Male) |
| 0:02 | Create | Villager (Male) |
| 0:03 | Create | Villager (Male) |
| 0:03 | Create | Villager (Male) |
| 0:05 | Build | House |
| 0:08 | Build | House |
| 1:26 | Create | Villager (Male) |
| 1:26 | Create | Villager (Male) |
| 2:08 | Create | Villager (Male) |
| 2:08 | Create | Villager (Male) |
| 2:33 | Create | Villager (Male) |
| 2:33 | Create | Villager (Male) |
| 2:46 | Build | Lumber Camp |
| 2:56 | Create | Villager (Male) |
| 2:56 | Create | Villager (Male) |
| 3:17 | Create | Villager (Male) |
| 3:17 | Create | Villager (Male) |
| 3:46 | Build | House |
| 3:48 | Create | Villager (Male) |
| 3:59 | Create | Villager (Male) |
| 4:00 | Create | Villager (Male) |
| 4:19 | Build | Mill |
| 4:44 | Create | Villager (Male) |
| 4:45 | Create | Villager (Male) |
| 5:44 | Create | Villager (Male) |
| 5:45 | Create | Villager (Male) |
| 6:32 | Create | Villager (Male) |
| 6:35 | Create | Villager (Male) |
| 7:12 | Create | Villager (Male) |
| 7:12 | Create | Villager (Male) |
| 7:17 | Create | Villager (Male) |
| 7:32 | Research | Loom |
| 7:37 | Build | House |
| 7:38 | Create | Villager (Male) |
| 7:44 | Create | Villager (Male) |
| 7:44 | Create | Villager (Male) |
| 8:04 | Create | Villager (Male) |
| 8:05 | Create | Villager (Male) |
| 8:33 | Create | Villager (Male) |
| 8:40 | Create | Villager (Male) |
| 8:41 | Create | Villager (Male) |
| 9:32 | Build | House |
| 10:15 | Research | Feudal Age |
| 10:55 | Build | Mining Camp |
| 11:52 | Build | Farm |
| 12:01 | Build | House |
| 12:03 | Build | House |
| 12:37 | Age | Feudal Age |
| 12:51 | Create | Villager (Male) |
| 12:51 | Create | Villager (Male) |
| 12:54 | Create | Villager (Male) |
| 13:03 | Build | Blacksmith |
| 13:12 | Build | Market |
| 13:32 | Build | Farm |
| 13:49 | Build | Farm |
| 13:57 | Create | Villager (Male) |
| 14:10 | Build | Farm |
| 14:23 | Research | Castle Age |
| 14:27 | Build | Farm |
| 14:28 | Build | Farm |
| 14:37 | Research | Double-Bit Axe |
| 14:43 | Build | Farm |
| 14:47 | Build | Farm |
| 14:52 | Build | Farm |
| 14:55 | Build | Farm |
| 15:03 | Build | Farm |
| 15:35 | Create | Villager (Male) |
| 15:35 | Create | Villager (Male) |
| 15:42 | Build | Farm |
| 16:00 | Build | Barracks |
| 16:36 | Research | Forging |
| 17:06 | Build | Stable |
| 17:08 | Create | Villager (Male) |
| 17:08 | Create | Villager (Male) |
| 17:11 | Age | Castle Age |
| 17:45 | Create | Villager (Male) |
| 17:46 | Create | Villager (Male) |
| 17:53 | Create | Villager (Male) |
| 17:53 | Create | Villager (Male) |
| 18:04 | Create | Villager (Male) |
| 18:08 | Create | Villager (Male) |
| 18:08 | Create | Villager (Male) |
| 18:20 | Build | Farm |
| 18:21 | Build | Farm |
| 18:26 | Create | Knight |
| 18:26 | Create | Knight |
| 18:38 | Create | Villager (Male) |
| 18:44 | Create | Knight |
| 18:44 | Create | Knight |
| 18:57 | Build | Town Center |
| 19:25 | Create | Villager (Male) |
| 19:25 | Create | Villager (Male) |
| 19:34 | Create | Villager (Male) |
| 19:51 | Build | Town Center |
| 19:52 | Create | Villager (Male) |
| 19:52 | Create | Villager (Male) |
| 20:53 | Create | Villager (Male) |
| 20:54 | Create | Villager (Male) |
| 20:55 | Create | Villager (Male) |
| 20:55 | Create | Villager (Male) |
| 21:12 | Create | Villager (Male) |
| 21:44 | Create | Villager (Male) |
| 21:44 | Create | Villager (Male) |
| 21:44 | Create | Villager (Male) |
| 21:45 | Create | Villager (Male) |
| 21:45 | Create | Villager (Male) |
| 22:21 | Create | Villager (Male) |
| 22:23 | Create | Villager (Male) |
| 22:24 | Create | Villager (Male) |
| 22:30 | Create | Villager (Male) |
| 22:30 | Create | Villager (Male) |
| 22:56 | Create | Villager (Male) |
| 22:56 | Create | Villager (Male) |
| 23:03 | Create | Villager (Male) |
| 23:15 | Build | Farm |
| 23:16 | Build | Farm |
| 23:22 | Build | Farm |
| 23:49 | Create | Villager (Male) |
| 23:49 | Create | Villager (Male) |
| 23:55 | Build | Farm |
| 23:58 | Build | Farm |
| 23:59 | Build | Farm |
| 24:00 | Build | Farm |
| 24:02 | Create | Villager (Male) |
| 24:02 | Create | Villager (Male) |
| 24:07 | Create | Villager (Male) |
| 24:41 | Create | Villager (Male) |
| 24:41 | Create | Villager (Male) |
| 24:42 | Create | Villager (Male) |
| 24:59 | Build | Monastery |
| 25:00 | Create | Villager (Male) |
| 25:01 | Create | Villager (Male) |
| 25:06 | Build | Farm |
| 25:08 | Create | Villager (Male) |
| 25:09 | Create | Villager (Male) |
| 25:22 | Create | Villager (Male) |
| 25:25 | Create | Villager (Male) |
| 25:32 | Build | Farm |
| 25:34 | Build | Farm |
| 25:35 | Create | Villager (Male) |
| 25:42 | Create | Monk |
| 25:42 | Create | Monk |
| 25:43 | Create | Monk |
| 25:49 | Build | House |
| 25:51 | Build | House |
| 25:58 | Research | Wheelbarrow |
| 26:17 | Create | Villager (Male) |
| 26:26 | Build | Farm |
| 26:27 | Create | Villager (Male) |
Build order — General_NL
First 150 of 376 actions detected
| 0:07 | Create | Villager (Male) |
| 0:07 | Create | Villager (Male) |
| 0:08 | Create | Villager (Male) |
| 0:09 | Create | Villager (Male) |
| 0:09 | Create | Villager (Male) |
| 0:26 | Build | House |
| 0:28 | Build | House |
| 1:51 | Create | Villager (Male) |
| 1:51 | Create | Villager (Male) |
| 2:08 | Build | Lumber Camp |
| 2:10 | Create | Villager (Male) |
| 2:10 | Create | Villager (Male) |
| 2:39 | Create | Villager (Male) |
| 2:39 | Create | Villager (Male) |
| 3:30 | Create | Villager (Male) |
| 4:07 | Create | Villager (Male) |
| 4:08 | Create | Villager (Male) |
| 4:08 | Create | Villager (Male) |
| 4:25 | Create | Villager (Male) |
| 4:26 | Create | Villager (Male) |
| 4:40 | Build | House |
| 4:41 | Build | House |
| 4:45 | Build | Mill |
| 5:38 | Create | Villager (Male) |
| 6:10 | Create | Villager (Male) |
| 6:11 | Create | Villager (Male) |
| 6:43 | Create | Villager (Male) |
| 6:44 | Create | Villager (Male) |
| 7:09 | Create | Villager (Male) |
| 7:10 | Create | Villager (Male) |
| 7:56 | Create | Villager (Male) |
| 7:56 | Create | Villager (Male) |
| 8:00 | Build | House |
| 8:46 | Build | Farm |
| 8:47 | Build | Farm |
| 8:50 | Build | Farm |
| 8:51 | Build | Farm |
| 9:08 | Create | Villager (Male) |
| 9:08 | Create | Villager (Male) |
| 9:50 | Research | Feudal Age |
| 10:01 | Build | Mining Camp |
| 10:12 | Create | Villager (Male) |
| 10:12 | Create | Villager (Male) |
| 10:13 | Create | Villager (Male) |
| 10:31 | Research | Feudal Age |
| 12:20 | Create | Villager (Male) |
| 12:21 | Create | Villager (Male) |
| 12:24 | Build | House |
| 12:31 | Build | Farm |
| 12:35 | Build | Farm |
| 12:43 | Build | Farm |
| 13:45 | Age | Feudal Age |
| 13:49 | Build | Market |
| 13:54 | Build | Blacksmith |
| 14:08 | Research | Double-Bit Axe |
| 14:12 | Research | Gold Mining |
| 14:47 | Research | Castle Age |
| 15:00 | Build | Farm |
| 15:01 | Build | Farm |
| 15:03 | Build | Farm |
| 16:07 | Build | Lumber Camp |
| 16:32 | Build | Barracks |
| 16:47 | Research | Loom |
| 17:27 | Age | Castle Age |
| 17:35 | Build | Monastery |
| 17:44 | Build | Siege Workshop |
| 18:43 | Research | Imperial Age |
| 19:25 | Research | Padded Archer Armor |
| 19:36 | Build | Archery Range |
| 19:41 | Build | Archery Range |
| 20:05 | Build | House |
| 20:06 | Build | House |
| 20:07 | Build | House |
| 20:14 | Create | Monk |
| 20:34 | Build | Archery Range |
| 21:53 | Age | Imperial Age |
| 21:54 | Build | House |
| 22:11 | Build | House |
| 22:14 | Create | Hand Cannoneer |
| 22:15 | Create | Hand Cannoneer |
| 22:15 | Create | Hand Cannoneer |
| 22:15 | Create | Hand Cannoneer |
| 22:15 | Create | Hand Cannoneer |
| 22:16 | Create | Hand Cannoneer |
| 22:16 | Create | Hand Cannoneer |
| 22:16 | Create | Hand Cannoneer |
| 22:40 | Create | Bombard Cannon |
| 22:40 | Create | Bombard Cannon |
| 22:44 | Build | Farm |
| 22:45 | Create | Villager (Male) |
| 22:46 | Create | Villager (Male) |
| 23:08 | Build | Mining Camp |
| 23:10 | Create | Villager (Male) |
| 23:10 | Create | Villager (Male) |
| 23:19 | Create | Hand Cannoneer |
| 23:19 | Create | Hand Cannoneer |
| 23:30 | Build | House |
| 23:31 | Build | House |
| 24:08 | Create | Villager (Male) |
| 24:08 | Create | Villager (Male) |
| 24:32 | Create | Hand Cannoneer |
| 24:33 | Create | Hand Cannoneer |
| 24:33 | Create | Hand Cannoneer |
| 24:50 | Build | Building 487 |
| 25:42 | Create | Bombard Cannon |
| 25:42 | Create | Bombard Cannon |
| 25:47 | Create | Villager (Male) |
| 25:47 | Create | Villager (Male) |
| 26:07 | Create | Villager (Male) |
| 26:07 | Create | Villager (Male) |
| 26:26 | Build | Stone Wall |
| 26:32 | Build | Stone Wall |
| 26:34 | Create | Villager (Male) |
| 26:35 | Create | Villager (Male) |
| 26:39 | Create | Hand Cannoneer |
| 26:39 | Create | Hand Cannoneer |
| 26:39 | Create | Hand Cannoneer |
| 26:39 | Create | Hand Cannoneer |
| 27:13 | Create | Villager (Male) |
| 27:13 | Create | Villager (Male) |
| 27:13 | Create | Villager (Male) |
| 27:20 | Create | Bombard Cannon |
| 27:20 | Create | Bombard Cannon |
| 27:27 | Create | Hand Cannoneer |
| 27:27 | Create | Hand Cannoneer |
| 27:57 | Build | Farm |
| 28:12 | Research | Town Watch |
| 28:24 | Create | Hand Cannoneer |
| 28:25 | Create | Hand Cannoneer |
| 28:25 | Create | Hand Cannoneer |
| 28:25 | Create | Hand Cannoneer |
| 28:25 | Create | Hand Cannoneer |
| 28:25 | Create | Hand Cannoneer |
| 28:58 | Create | Hand Cannoneer |
| 28:58 | Create | Hand Cannoneer |
| 28:59 | Create | Hand Cannoneer |
| 29:13 | Build | Farm |
| 29:13 | Build | Farm |
| 29:13 | Build | Farm |
| 29:13 | Build | Farm |
| 29:51 | Research | Wheelbarrow |
| 30:26 | Build | House |
| 30:32 | Build | Building 487 |
| 30:46 | Create | Hand Cannoneer ×5 |
| 30:46 | Create | Hand Cannoneer ×5 |
| 30:46 | Create | Hand Cannoneer ×2 |
| 31:16 | Build | Town Center |
| 31:19 | Create | Villager (Male) |
| 31:20 | Create | Villager (Male) |
| 31:20 | Create | Villager (Male) |
Build order — phesant_SK
First 150 of 512 actions detected
| 0:01 | Create | Villager (Male) |
| 0:01 | Create | Villager (Male) |
| 0:01 | Create | Villager (Male) |
| 0:03 | Build | House |
| 0:04 | Build | House |
| 0:19 | Create | Villager (Male) |
| 0:19 | Create | Villager (Male) |
| 0:19 | Create | Villager (Male) |
| 1:31 | Create | Villager (Male) |
| 1:31 | Create | Villager (Male) |
| 2:09 | Create | Villager (Male) |
| 2:10 | Create | Villager (Male) |
| 2:43 | Create | Villager (Male) |
| 2:43 | Create | Villager (Male) |
| 2:44 | Create | Villager (Male) |
| 3:31 | Create | Villager (Male) |
| 3:32 | Create | Villager (Male) |
| 3:58 | Build | House |
| 4:27 | Create | Villager (Male) |
| 4:28 | Create | Villager (Male) |
| 4:28 | Create | Villager (Male) |
| 4:28 | Create | Villager (Male) |
| 4:28 | Create | Villager (Male) |
| 4:32 | Build | House |
| 5:10 | Create | Villager (Male) |
| 5:10 | Create | Villager (Male) |
| 5:19 | Build | Lumber Camp |
| 5:50 | Create | Villager (Male) |
| 5:51 | Create | Villager (Male) |
| 6:06 | Create | Villager (Male) |
| 6:22 | Create | Villager (Male) |
| 6:38 | Build | Mill |
| 7:40 | Create | Villager (Male) |
| 7:57 | Build | House |
| 8:18 | Create | Villager (Male) |
| 8:35 | Research | Feudal Age |
| 8:55 | Create | Villager (Male) |
| 8:56 | Create | Villager (Male) |
| 9:18 | Build | Mining Camp |
| 9:44 | Build | Farm |
| 11:12 | Age | Feudal Age |
| 11:16 | Build | Market |
| 11:20 | Build | Blacksmith |
| 12:03 | Build | House |
| 12:07 | Research | Castle Age |
| 12:27 | Build | Mining Camp |
| 12:46 | Research | Double-Bit Axe |
| 13:54 | Research | Loom |
| 13:55 | Create | Villager (Male) |
| 13:55 | Create | Villager (Male) |
| 14:00 | Build | Farm |
| 14:38 | Build | House |
| 14:47 | Age | Castle Age |
| 15:06 | Build | Farm |
| 15:06 | Build | Farm |
| 15:06 | Build | Farm |
| 15:17 | Build | Krepost |
| 15:20 | Research | Fletching |
| 15:37 | Build | Siege Workshop |
| 16:04 | Build | Farm |
| 16:07 | Build | Farm |
| 16:08 | Build | Farm |
| 16:15 | Build | Farm |
| 16:19 | Build | Farm |
| 16:49 | Build | Monastery |
| 16:54 | Build | Mining Camp |
| 17:13 | Create | Villager (Male) |
| 17:13 | Create | Villager (Male) |
| 17:13 | Create | Villager (Male) |
| 17:13 | Create | Villager (Male) |
| 17:42 | Create | Mangonel |
| 18:00 | Create | Villager (Male) |
| 18:15 | Create | Villager (Male) |
| 18:37 | Create | Battering Ram |
| 18:46 | Create | Villager (Male) |
| 18:46 | Create | Villager (Male) |
| 18:46 | Create | Villager (Male) |
| 18:47 | Create | Villager (Male) |
| 19:13 | Create | Villager (Male) |
| 19:13 | Create | Villager (Male) |
| 19:13 | Create | Villager (Male) |
| 19:36 | Create | Monk |
| 19:37 | Create | Villager (Male) |
| 19:50 | Create | Villager (Male) |
| 19:50 | Create | Villager (Male) |
| 19:54 | Build | Farm |
| 19:55 | Build | Farm |
| 19:55 | Build | Farm |
| 20:24 | Build | Krepost |
| 20:36 | Research | Bodkin Arrow |
| 21:20 | Create | Villager (Male) |
| 21:20 | Create | Villager (Male) |
| 21:35 | Create | Mangonel |
| 21:50 | Create | Villager (Male) |
| 21:51 | Create | Villager (Male) |
| 22:07 | Build | Town Center |
| 22:20 | Create | Konnik |
| 22:37 | Create | Villager (Male) |
| 22:37 | Create | Villager (Male) |
| 22:38 | Create | Villager (Male) |
| 22:45 | Create | Villager (Male) |
| 22:46 | Create | Villager (Male) |
| 22:46 | Create | Villager (Male) |
| 22:57 | Build | Farm |
| 22:57 | Build | Farm |
| 22:57 | Build | Farm |
| 23:07 | Create | Konnik |
| 23:47 | Create | Villager (Male) |
| 23:47 | Create | Villager (Male) |
| 23:48 | Create | Villager (Male) |
| 23:55 | Build | Farm |
| 24:02 | Build | Farm |
| 24:05 | Create | Villager (Male) |
| 24:05 | Create | Villager (Male) |
| 24:27 | Build | Lumber Camp |
| 25:16 | Build | Castle |
| 25:25 | Create | Villager (Male) |
| 25:25 | Create | Villager (Male) |
| 25:26 | Create | Villager (Male) |
| 25:29 | Build | Farm |
| 25:29 | Build | Farm |
| 25:29 | Build | Farm |
| 26:35 | Build | House |
| 26:37 | Build | House |
| 26:38 | Build | House |
| 26:39 | Build | House |
| 26:45 | Create | Villager (Male) |
| 26:45 | Create | Villager (Male) |
| 26:46 | Create | Villager (Male) |
| 26:48 | Build | Farm |
| 26:48 | Build | Farm |
| 26:48 | Build | Farm |
| 26:49 | Build | Farm |
| 26:49 | Build | Farm |
| 26:49 | Build | Farm |
| 27:11 | Build | Farm |
| 27:30 | Build | Town Center |
| 27:40 | Build | House |
| 27:42 | Build | House |
| 27:43 | Build | House |
| 27:44 | Build | House |
| 28:14 | Build | House |
| 28:15 | Build | House |
| 28:16 | Build | House |
| 28:17 | Build | House |
| 28:20 | Create | Villager (Male) |
| 28:20 | Create | Villager (Male) |
| 28:20 | Create | Villager (Male) |
| 28:37 | Build | Monastery |
| 28:56 | Create | Villager (Male) |
Build order — Wenopala
First 150 of 404 actions detected
| 0:07 | Build | House |
| 0:09 | Create | Villager (Male) ×4 |
| 1:36 | Build | House |
| 1:37 | Build | House |
| 1:38 | Build | House |
| 1:42 | Build | Mill |
| 2:06 | Create | Villager (Male) |
| 2:06 | Create | Villager (Male) |
| 2:06 | Create | Villager (Male) |
| 2:29 | Create | Villager (Male) |
| 2:30 | Create | Villager (Male) |
| 2:54 | Create | Villager (Male) |
| 3:27 | Create | Villager (Male) |
| 4:06 | Create | Villager (Male) |
| 4:06 | Create | Villager (Male) |
| 4:06 | Create | Villager (Male) |
| 4:27 | Create | Villager (Male) |
| 4:27 | Create | Villager (Male) |
| 4:39 | Build | House |
| 4:52 | Create | Villager (Male) |
| 4:53 | Create | Villager (Male) |
| 4:53 | Create | Villager (Male) |
| 5:02 | Build | Lumber Camp |
| 5:26 | Create | Villager (Male) |
| 5:26 | Create | Villager (Male) |
| 5:26 | Create | Villager (Male) |
| 5:44 | Create | Villager (Male) |
| 6:04 | Create | Villager (Male) |
| 6:04 | Create | Villager (Male) |
| 6:40 | Create | Villager (Male) |
| 6:40 | Create | Villager (Male) |
| 7:07 | Create | Villager (Male) |
| 7:07 | Create | Villager (Male) |
| 7:07 | Create | Villager (Male) |
| 7:31 | Create | Villager (Male) |
| 8:03 | Create | Villager (Male) |
| 8:03 | Create | Villager (Male) |
| 8:03 | Create | Villager (Male) |
| 8:03 | Create | Villager (Male) |
| 8:23 | Create | Villager (Male) |
| 10:42 | Research | Feudal Age |
| 10:42 | Research | Feudal Age |
| 10:43 | Research | Feudal Age |
| 10:59 | Build | Farm |
| 11:00 | Build | Farm |
| 12:28 | Build | Farm |
| 12:28 | Build | Farm |
| 12:29 | Build | Farm |
| 12:29 | Build | Farm |
| 12:29 | Build | Farm |
| 12:29 | Build | Farm |
| 12:30 | Build | Farm |
| 12:31 | Build | Farm |
| 12:37 | Build | Mining Camp |
| 12:52 | Age | Feudal Age |
| 12:55 | Build | Farm |
| 12:59 | Build | Farm |
| 13:06 | Build | Blacksmith |
| 13:34 | Create | Villager (Male) |
| 13:35 | Create | Villager (Male) |
| 13:37 | Create | Villager (Male) |
| 13:37 | Create | Villager (Male) |
| 13:38 | Create | Villager (Male) |
| 14:11 | Build | Market |
| 14:32 | Build | House |
| 15:57 | Build | Stone Wall |
| 16:05 | Build | Stone Wall |
| 16:07 | Build | Stone Wall |
| 16:18 | Build | Stone Wall |
| 16:25 | Build | Stone Wall |
| 16:40 | Research | Castle Age |
| 18:02 | Build | Farm |
| 19:08 | Build | Stone Wall |
| 19:10 | Build | Stone Wall |
| 19:20 | Age | Castle Age |
| 19:30 | Create | Villager (Male) |
| 19:30 | Create | Villager (Male) |
| 19:30 | Create | Villager (Male) |
| 19:42 | Build | Town Center |
| 19:54 | Build | Farm |
| 19:54 | Build | Farm |
| 19:54 | Build | Farm |
| 19:55 | Build | Farm |
| 19:56 | Build | Farm |
| 21:19 | Build | Palisade Gate |
| 23:46 | Build | Farm |
| 24:17 | Build | Farm |
| 24:23 | Build | Farm |
| 24:30 | Research | Wheelbarrow |
| 24:46 | Research | Fletching |
| 25:02 | Build | Castle |
| 25:41 | Create | Villager (Male) |
| 25:41 | Create | Villager (Male) |
| 25:53 | Build | House |
| 25:57 | Build | House |
| 25:58 | Build | House |
| 26:01 | Build | House |
| 26:54 | Build | House |
| 26:58 | Build | House |
| 27:00 | Build | House |
| 27:02 | Build | House |
| 27:04 | Build | House |
| 27:06 | Build | House |
| 27:09 | Build | House |
| 27:15 | Create | Villager (Male) ×2 |
| 27:16 | Create | Villager (Male) ×2 |
| 27:24 | Build | Mining Camp |
| 27:36 | Build | Farm |
| 27:40 | Build | Farm |
| 27:46 | Build | Farm |
| 28:19 | Create | Villager (Male) |
| 28:20 | Create | Villager (Male) |
| 28:20 | Create | Villager (Male) |
| 28:56 | Create | Villager (Male) ×2 |
| 28:57 | Create | Villager (Male) ×2 |
| 29:09 | Build | Town Center |
| 29:23 | Build | Mining Camp |
| 29:29 | Create | Villager (Male) ×2 |
| 29:29 | Create | Villager (Male) ×2 |
| 29:39 | Build | Lumber Camp |
| 30:13 | Create | Villager (Male) |
| 30:13 | Create | Villager (Male) |
| 30:13 | Create | Villager (Male) |
| 30:14 | Create | Villager (Male) |
| 30:37 | Build | Town Center |
| 30:51 | Build | Stone Wall |
| 30:54 | Build | Stone Wall |
| 31:00 | Build | Building 673 |
| 31:05 | Create | Villager (Male) |
| 31:05 | Create | Villager (Male) |
| 31:05 | Create | Villager (Male) |
| 31:06 | Create | Villager (Male) |
| 31:26 | Build | House |
| 31:28 | Build | House |
| 31:29 | Build | House |
| 31:33 | Build | House |
| 31:38 | Build | House |
| 31:40 | Build | House |
| 31:42 | Build | House |
| 31:43 | Build | House |
| 31:44 | Build | House |
| 31:46 | Build | House |
| 31:49 | Build | House |
| 31:51 | Build | House |
| 31:55 | Build | House |
| 31:56 | Build | House |
| 32:03 | Create | Villager (Male) ×3 |
| 32:03 | Create | Villager (Male) ×3 |
| 32:03 | Create | Villager (Male) ×3 |
| 32:24 | Build | Mill |
Build order — durinikjakub1
First 150 of 309 actions detected
| 0:02 | Build | House |
| 0:04 | Build | House |
| 0:05 | Create | Villager (Male) |
| 0:06 | Create | Villager (Male) |
| 0:06 | Create | Villager (Male) |
| 0:06 | Create | Villager (Male) |
| 1:43 | Create | Villager (Male) |
| 2:04 | Create | Villager (Male) |
| 2:04 | Create | Villager (Male) |
| 2:04 | Create | Villager (Male) |
| 2:17 | Build | Lumber Camp |
| 2:57 | Create | Villager (Male) |
| 2:57 | Create | Villager (Male) |
| 2:57 | Create | Villager (Male) |
| 2:57 | Create | Villager (Male) |
| 4:10 | Create | Villager (Male) |
| 4:10 | Create | Villager (Male) |
| 5:09 | Create | Villager (Male) |
| 5:09 | Create | Villager (Male) |
| 5:09 | Create | Villager (Male) |
| 5:09 | Create | Villager (Male) |
| 5:18 | Build | House |
| 5:48 | Create | Villager (Male) |
| 5:48 | Create | Villager (Male) |
| 5:48 | Create | Villager (Male) |
| 5:49 | Create | Villager (Male) |
| 6:03 | Build | House |
| 7:37 | Create | Villager (Male) |
| 7:39 | Create | Villager (Male) |
| 8:15 | Build | Mill |
| 8:30 | Create | Villager (Male) |
| 8:31 | Create | Villager (Male) |
| 8:37 | Build | Mining Camp |
| 9:03 | Create | Villager (Male) |
| 9:38 | Build | House |
| 9:43 | Build | House |
| 9:51 | Research | Feudal Age |
| 10:08 | Create | Villager (Male) |
| 10:08 | Create | Villager (Male) |
| 10:08 | Create | Villager (Male) |
| 10:09 | Create | Villager (Male) |
| 10:40 | Create | Villager (Male) |
| 10:47 | Build | Farm |
| 10:48 | Build | Farm |
| 10:48 | Build | Farm |
| 10:50 | Build | Farm |
| 11:42 | Build | Barracks |
| 12:01 | Age | Feudal Age |
| 12:10 | Research | Loom |
| 12:22 | Build | Market |
| 13:04 | Create | Villager (Male) |
| 13:13 | Research | Double-Bit Axe |
| 13:44 | Research | Horse Collar |
| 14:26 | Create | Villager (Male) |
| 14:43 | Build | Lumber Camp |
| 15:20 | Build | Farm |
| 15:21 | Build | Farm |
| 15:27 | Build | Stable |
| 15:29 | Build | Stable |
| 15:30 | Build | Stable |
| 16:41 | Research | Castle Age |
| 17:31 | Build | Blacksmith |
| 17:43 | Research | Wheelbarrow |
| 17:45 | Create | Villager (Male) |
| 17:45 | Create | Villager (Male) |
| 17:53 | Build | House |
| 18:39 | Research | Scale Barding Armor |
| 18:51 | Create | Villager (Male) |
| 18:51 | Create | Villager (Male) |
| 19:21 | Age | Castle Age |
| 19:24 | Create | Unit 1944 |
| 19:24 | Create | Unit 1944 |
| 19:45 | Create | Unit 1944 |
| 19:45 | Create | Unit 1944 |
| 19:45 | Create | Unit 1944 |
| 19:45 | Create | Unit 1944 |
| 19:46 | Create | Unit 1944 |
| 19:52 | Create | Villager (Male) |
| 19:52 | Create | Villager (Male) |
| 20:02 | Build | Town Center |
| 20:17 | Research | Forging |
| 20:42 | Research | Husbandry |
| 20:53 | Build | Farm |
| 20:53 | Build | Farm |
| 20:53 | Build | Farm |
| 20:53 | Build | Farm |
| 20:54 | Build | Farm |
| 20:55 | Build | Farm |
| 21:05 | Build | House |
| 21:06 | Build | House |
| 21:10 | Build | House |
| 21:22 | Build | Farm |
| 21:38 | Create | Villager (Male) |
| 21:38 | Create | Villager (Male) |
| 21:41 | Create | Villager (Male) |
| 21:42 | Create | Villager (Male) |
| 21:42 | Create | Villager (Male) |
| 21:42 | Create | Villager (Male) |
| 21:42 | Create | Villager (Male) |
| 21:50 | Build | Farm |
| 22:33 | Build | Monastery |
| 22:45 | Research | Bow Saw |
| 23:12 | Create | Villager (Male) |
| 23:12 | Create | Villager (Male) |
| 23:12 | Create | Villager (Male) |
| 23:27 | Create | Trade Cart |
| 23:28 | Create | Trade Cart |
| 23:52 | Create | Monk |
| 24:01 | Build | University |
| 24:09 | Research | Bloodlines |
| 24:12 | Create | Unit 1944 ×2 |
| 24:13 | Create | Unit 1944 ×2 |
| 25:23 | Research | Hand Cart |
| 25:31 | Create | Villager (Male) |
| 25:31 | Create | Villager (Male) |
| 25:37 | Build | House |
| 25:38 | Build | House |
| 25:39 | Build | House |
| 25:41 | Build | House |
| 25:42 | Build | House |
| 27:35 | Research | Chain Barding Armor |
| 27:36 | Research | Iron Casting |
| 28:08 | Create | Unit 1944 ×5 |
| 28:16 | Build | House |
| 28:18 | Build | House |
| 28:19 | Build | House |
| 28:33 | Create | Villager (Male) |
| 28:33 | Create | Villager (Male) |
| 28:33 | Create | Villager (Male) |
| 28:35 | Create | Villager (Male) |
| 28:35 | Create | Villager (Male) |
| 28:37 | Create | Villager (Male) |
| 28:38 | Create | Villager (Male) |
| 28:38 | Create | Villager (Male) |
| 30:19 | Build | Town Center |
| 30:36 | Build | Castle |
| 32:08 | Create | Unit 1944 ×5 |
| 32:08 | Create | Unit 1944 ×5 |
| 32:09 | Create | Unit 1944 ×5 |
| 32:09 | Create | Unit 1944 |
| 34:49 | Build | Town Center |
| 34:51 | Create | Villager (Male) |
| 34:51 | Create | Villager (Male) |
| 34:52 | Create | Villager (Male) |
| 34:52 | Create | Villager (Male) |
| 34:59 | Create | Unit 1949 |
| 34:59 | Create | Unit 1949 |
| 35:00 | Create | Unit 1949 |
| 35:00 | Create | Unit 1949 |
| 35:01 | Create | Unit 1949 |
Match timeline
| 9:49 | GreenHydra · age_up feudal |
| 10:05 | Embaraza Viejitas · age_up feudal |
| 10:12 | GreenHydra · first_building Barracks |
| 11:12 | phesant_SK · age_up feudal |
| 11:42 | durinikjakub1 · first_building Barracks |
| 12:01 | durinikjakub1 · age_up feudal |
| 12:37 | MIGEL TECHEIROS · age_up feudal |
| 12:52 | Wenopala · age_up feudal |
| 13:45 | General_NL · age_up feudal |
| 14:47 | phesant_SK · age_up castle |
| 15:17 | phesant_SK · first_building Krepost |
| 15:27 | durinikjakub1 · first_building Stable |
| 15:37 | phesant_SK · first_building Siege Workshop |
| 15:57 | Wenopala · wall_segment Stone Wall x6 |
| 16:00 | MIGEL TECHEIROS · first_building Barracks |
| 16:05 | Wenopala · wall_segment Stone Wall x5 |
| 16:07 | Wenopala · wall_segment Stone Wall x1 |
| 16:18 | Wenopala · wall_segment Stone Wall x8 |
| 16:25 | Wenopala · wall_segment Stone Wall x12 |
| 16:32 | GreenHydra · age_up castle |
| 16:32 | General_NL · first_building Barracks |
| 16:38 | durinikjakub1 · first_market_buy 100 food |
| 16:49 | phesant_SK · first_building Monastery |
| 17:06 | MIGEL TECHEIROS · first_building Stable |
| 17:11 | MIGEL TECHEIROS · age_up castle |
| 17:27 | General_NL · age_up castle |
| 17:35 | General_NL · first_building Monastery |
| 17:44 | General_NL · first_building Siege Workshop |
| 18:09 | GreenHydra · first_building Castle |
| 18:53 | Embaraza Viejitas · age_up castle |
| 18:58 | apofis222 · first_building Barracks |
| 19:08 | Wenopala · wall_segment Stone Wall x1 |
| 19:10 | Wenopala · wall_segment Stone Wall x1 |
| 19:11 | apofis222 · first_building Castle |
| 19:20 | Wenopala · age_up castle |
| 19:21 | durinikjakub1 · age_up castle |
| 19:36 | General_NL · first_building Archery Range |
| 19:41 | durinikjakub1 · first_market_sell 100 wood |
| 20:05 | Wenopala · first_market_sell 100 food |
| 20:07 | Wenopala · first_market_buy 100 stone |
| 20:24 | General_NL · first_market_sell 100 stone |
| 20:26 | General_NL · first_market_buy 100 wood |
| 21:53 | General_NL · age_up imperial |
| 22:33 | durinikjakub1 · first_building Monastery |
| 23:36 | Embaraza Viejitas · first_building Castle |
| 23:43 | Embaraza Viejitas · first_building Siege Workshop |
| 23:48 | Embaraza Viejitas · first_building Barracks |
| 23:56 | apofis222 · first_building Monastery |
| 24:58 | Embaraza Viejitas · first_building Monastery |
| 24:59 | MIGEL TECHEIROS · first_building Monastery |
| 25:02 | Wenopala · first_building Castle |
| 25:16 | phesant_SK · first_building Castle |
| 26:26 | General_NL · wall_segment Stone Wall x3 |
| 26:32 | General_NL · wall_segment Stone Wall x1 |
| 27:20 | Embaraza Viejitas · first_market_sell 100 wood |
| 27:37 | Embaraza Viejitas · first_building Stable |
| 27:43 | Embaraza Viejitas · first_building Archery Range |
| 28:27 | GreenHydra · wall_segment Stone Wall x11 |
| 28:29 | GreenHydra · wall_segment Stone Wall x10 |
| 28:52 | apofis222 · first_market_sell 100 wood |
| 29:23 | phesant_SK · wall_segment Stone Wall x8 |
| 29:56 | GreenHydra · first_building Siege Workshop |
| 30:36 | durinikjakub1 · first_building Castle |
| 30:51 | Wenopala · wall_segment Stone Wall x19 |
| 30:54 | Wenopala · wall_segment Stone Wall x12 |
| 31:07 | Embaraza Viejitas · age_up imperial |
| 31:26 | GreenHydra · age_up imperial |
| 32:26 | General_NL · wall_segment Stone Wall x1 |
| 34:00 | GreenHydra · wall_segment Stone Wall x4 |
| 35:31 | phesant_SK · first_market_buy 100 stone |
| 36:52 | phesant_SK · first_building Barracks |
| 38:01 | General_NL · first_building Castle |
| 38:13 | durinikjakub1 · tribute_sent a jugador 1 |
| 38:13 | durinikjakub1 · tribute_sent a jugador 2 |
| 38:13 | durinikjakub1 · tribute_sent a jugador 3 |
| 38:13 | durinikjakub1 · tribute_sent a jugador 4 |
| 38:13 | durinikjakub1 · tribute_sent a jugador 5 |
| 38:13 | durinikjakub1 · tribute_sent a jugador 6 |
| 38:13 | durinikjakub1 · tribute_sent a jugador 7 |
| 38:22 | phesant_SK · wall_segment Stone Wall x33 |
| 38:44 | Wenopala · first_building Barracks |
| 38:57 | Wenopala · first_building Siege Workshop |
| 39:10 | GreenHydra · wall_segment Stone Wall x4 |
| 39:18 | GreenHydra · wall_segment Stone Wall x7 |
| 39:21 | GreenHydra · wall_segment Stone Wall x11 |
| 39:28 | GreenHydra · wall_segment Stone Wall x9 |
| 41:35 | MIGEL TECHEIROS · age_up imperial |
| 43:33 | durinikjakub1 · age_up imperial |
| 46:14 | Wenopala · age_up imperial |
| 47:46 | phesant_SK · age_up imperial |
| 48:28 | phesant_SK · tribute_sent a jugador 1 |
| 48:28 | phesant_SK · tribute_sent a jugador 2 |
| 48:28 | phesant_SK · tribute_sent a jugador 3 |
| 48:28 | phesant_SK · tribute_sent a jugador 4 |
| 48:28 | phesant_SK · tribute_sent a jugador 5 |
| 48:28 | phesant_SK · tribute_sent a jugador 7 |
| 48:28 | phesant_SK · tribute_sent a jugador 8 |
| 48:35 | phesant_SK · tribute_sent a jugador 1 |
| 48:35 | phesant_SK · tribute_sent a jugador 2 |
| 48:35 | phesant_SK · tribute_sent a jugador 3 |
| 48:35 | phesant_SK · tribute_sent a jugador 4 |
| 48:35 | phesant_SK · tribute_sent a jugador 5 |
| 48:35 | phesant_SK · tribute_sent a jugador 7 |
| 48:35 | phesant_SK · tribute_sent a jugador 8 |
| 50:19 | MIGEL TECHEIROS · first_building Castle |
| 50:20 | durinikjakub1 · tribute_sent a jugador 1 |
| 50:20 | durinikjakub1 · tribute_sent a jugador 2 |
| 50:20 | durinikjakub1 · tribute_sent a jugador 3 |
| 50:20 | durinikjakub1 · tribute_sent a jugador 4 |
| 50:20 | durinikjakub1 · tribute_sent a jugador 5 |
| 50:20 | durinikjakub1 · tribute_sent a jugador 6 |
| 50:20 | durinikjakub1 · tribute_sent a jugador 7 |
| 50:23 | phesant_SK · first_market_sell 100 food |
| 50:31 | MIGEL TECHEIROS · first_market_sell 100 food |
| 55:34 | GreenHydra · first_market_sell 500 stone |
| 60:12 | MIGEL TECHEIROS · first_building Siege Workshop |
| 60:35 | phesant_SK · resign |
[ AI ANALYSIS · 1 CREDIT ]
What really happened in this match?
Wolo.gg analyzes every decision: build order, eco, micro, common mistakes by bracket. Personalized analysis on WhatsApp or Discord in 30 seconds.
Civ guide
Persians
Perfil
Jugador #25029033